Map: Ulrena

Players

zidar - Winner!

  • Race: Zerg Zerg
  • League: Silver
  • Spawn Location: 11:00

RageNooob

  • Race: Protoss Protoss
  • League: Gold
  • Spawn Location: 7:00

VOD

Have the link to the VOD?

Description

Time

  • Played on: Feb. 19, 2016, 1:52 a.m.
  • Length: 8:40
Show
View Real Time Build Order
Export as new Build Order

zidar Zerg - Winner!

Build Orders: Pool First 

Get SALT Encoding   

  12  0:01  Drone  
  13  0:12  Overlord  
  13  0:17  Drone  
  14  0:31  Drone x2  
  14  0:34  Drone  
  17  0:50  Spawning Pool  
  17  0:51  Drone  
  17  1:16  Drone  
  18  1:19  Extractor  
  18  1:20  Drone  
  18  1:21  Hatchery  
  18  1:24  Drone  
  18  1:37  Queen  
  20  1:42  Overlord  
  20  1:46  Drone  
  20  2:01  Drone  
  21  2:12  Queen  
  21  2:13  Drone  
  24  2:23  Metabolic Boost  
  24  2:26  Zergling x4  
  27  2:51  Drone x2  
  27  2:52  Drone x5  
  26  3:38  Zergling x18  
  35  3:49  Queen  
  31  4:03  Drone x2  
  33  4:15  Roach Warren  
  32  4:22  Extractor  
  32  4:23  Drone x4  
  35  4:37  Overlord x3  
  33  4:59  Queen  
  33  5:02  Roach  
  33  5:03  Roach x8  
  51  5:15  Drone x2  
  40  6:03  Roach  
  40  6:04  Roach x8  
  58  6:10  Queen  
  54  6:51  Queen  
  56  6:56  Roach  
  56  6:57  Roach  
  56  6:59  Overlord x3  
  60  7:22  Overlord  
  60  7:35  Roach  
  60  7:36  Roach x7  
Show
View Real Time Build Order
Export as new Build Order

RageNooob Protoss 

Build Orders: Mass Adepts 

Get SALT Encoding   

  12  0:01  Probe (Chrono Boost)  
  14  0:14  Probe (Chrono Boost)  
  14  0:23  Pylon  
  14  0:26  Probe (Chrono Boost)  
  15  0:41  Probe (Chrono Boost)  
  16  0:42  Gateway  
  16  0:52  Probe (Chrono Boost)  
  16  0:53  Assimilator  
  17  1:12  Probe (Chrono Boost)  
  18  1:22  Gateway  
  18  1:23  Probe (Chrono Boost)  
  19  1:27  Pylon  
  19  1:34  Zealot (Chrono Boost)  
  21  1:48  Cybernetics Core  
  21  1:49  Probe  
  22  2:01  Probe  
  23  2:12  Zealot (Chrono Boost)  
  23  2:13  Zealot (Chrono Boost)  
  27  2:24  Warp Gate (Chrono Boost)  
  27  2:43  Adept, Pylon  
  27  2:44  Adept  
  31  3:03  Gateway  
  31  3:10  Adept  
  31  3:11  Adept  
  24  4:12  Gateway  
  24  4:13  Gateway  
  24  4:15  Adept x3  
  28  4:50  Adept x3  
  26  5:07  Pylon  
  26  5:12  Adept x5  
  30  5:50  Adept x4  
  30  5:51  Adept  
  32  6:09  Nexus  
  22  6:20  Stalker x3  
  26  6:28  Probe  
  26  6:32  Assimilator  
  25  6:38  Stalker  
  22  6:40  Probe  
  23  6:52  Probe  
  23  6:53  Stalker  
  26  7:06  Probe  
  27  7:19  Mothership Core  
  27  7:20  Probe  
  30  7:30  Probe  
  31  7:40  Probe, Pylon  
  31  7:43  Pylon  
  28  7:59  Gateway x2  
  28  8:04  Zealot  
  28  8:05  Zealot x2  
Tags
 
Composition
Mass Adepts
Matchup
PvZ
Opening
Pool First
Spawn Locations
Close Positions
Add a new tag
Caveats
  • Supply blocks, unpowered buildings, or Contaminate may cause inaccurate times.
  • Supply counts are checked every 10 seconds.